 Dungeon Crawl Stone Soup version 0.19.4-8-ga85b6b9 (webtiles) character file.

84 dngmouse the Insei (level 4, 27/31 HPs)
             Began as a Vampire Transmuter on Feb 12, 2017.
             Safely got out of the dungeon.
             The game lasted 00:05:10 (1670 turns).

dngmouse the Insei (Vampire Transmuter)             Turns: 1670, Time: 00:05:10

Health: 27/31      AC:  2    Str:  9    XL:     4   Next: 23%
Magic:  7/7        EV: 13    Int: 15    God:
Gold:   76         SH:  0    Dex: 15    Spells: 3 memorised, 1 level left

rFire  . . .     SeeInvis +       - Unarmed
rCold  . . .     Gourm    .     b - +0 robe
rNeg   + . .     Faith    .     (no shield)
rPois  .         Spirit   .     (no helmet)
rElec  .         Reflect  .     (no cloak)
rCorr  .         Harm     .     (no gloves)
MR     .....                    (no boots)
Stlth  +.........               (no amulet)
                                (no ring)
                                (no ring)

@: no status effects
A: fangs 3, see invisible, unbreathing
a: Bat Form


You escaped.
You were not thirsty.

You visited 1 branch of the dungeon, and saw 2 of its levels.

You collected 76 gold pieces.

Inventory:

Missiles
 a - 53 arrows
Armour
 b - a +0 robe (worn)
 j - a +3 leather armour
Jewellery
 n - an uncursed ring of positive energy {unknown}
Scrolls
 f - a scroll of recharging {unknown}
 h - 3 scrolls of identify {unknown}
 k - a scroll of enchant armour {unknown}
 m - a scroll of remove curse {unknown}
 o - a scroll of blinking {unknown}
Potions
 d - 18 potions of blood
 e - a potion of curing
 g - 2 potions of brilliance {unknown}
 i - a potion of might {unknown}
 l - a potion of lignification {unknown}
Books
 c - a book of Changes

   Spells                             Type                      Level
   a - Beastly Appendage              Transmutation                1
   b - Sticks to Snakes               Transmutation                2
   c - Spider Form                    Transmutation/Poison         3
   d - Ice Form                       Ice/Transmutation            4
   e - Blade Hands                    Transmutation                5


   Skills:
 - Level 0.8 Fighting
 - Level 2.1 Dodging
 * Level 5.0 Unarmed Combat
 - Level 2.0 Spellcasting
 + Level 3.2 Transmutations


You had one spell level left.
You knew the following spells:

 Your Spells              Type           Power        Failure   Level  Hunger
a - Beastly Appendage     Tmut           ##....       8%          1    #......
b - Sticks to Snakes      Tmut           ##......     12%         2    ###....
c - Spider Form           Tmut/Pois      #.........   34%         3    ###....


Dungeon Overview and Level Annotations

Branches:
Dungeon (2/15)

Altars:


Innate Abilities, Weirdness & Mutations

You have razor-sharp teeth.
You have supernaturally acute eyesight. (SInv)
You can survive without breathing.


Message History

You barely miss the hobgoblin. Your punch misses the hobgoblin.
The hobgoblin is moderately wounded.
The hobgoblin hits you.
You hit the hobgoblin.
You kill the hobgoblin!
No target in view!
No target in view!
No target in view!
You see here a hobgoblin corpse.
You bottle the corpse's blood.
d - 18 potions of blood (gained 1)
There is an escape hatch in the ceiling here.
A mysterious force pulls you upwards. The hatch slams shut behind you.
You see here a dagger.
You see here a mace.
There is a staircase leading out of the dungeon here.
Are you sure you want to leave the Dungeon?
This will make you lose the game!
Alright, then stay!
Are you sure you want to leave the Dungeon?
This will make you lose the game!
You have escaped!

##..............#####.# #.#
.................>..#.# #.#
##.#####.#######.###### #.#
#.#
#.##≈≈≈≈♣.♣≈≈≈≈#######.###
#.#
#.##≈...♣.♣...≈#..........
##.#
#.##≈.......♣[≈#..####.###
...# ##.##≈......♣♣♣≈##.#
#.# ####
#...#♣.......♣.♣##.# #.# #
#.#..≈....@....≈...# #.# #
#.###♣.P.....P.♣#..####.###
# #.#
#≈PPP...PPP≈##.....(... #
#.# #≈.P.....P.≈#######.###
# #.#
#≈≈≈≈♣≈♣≈≈≈≈##......... #
#.# ######.#######.###..###
#
#.######.#.##.####.###.....
#
#.......................###
#
########......########.##..


There were no monsters in sight!

Vanquished Creatures
  3 adders (D:2)
  An ooze (D:2)
  3 dart slugs
  2 leopard geckos (D:2)
  6 bats
  4 giant cockroaches (D:1)
  3 goblins (D:2)
  3 hobgoblins (D:2)
  5 kobolds
  A quokka (D:2)
  2 ball pythons (D:2)
  7 frilled lizards
  8 rats
48 creatures vanquished.

Vanquished Creatures (others)
  5 toadstools (D:1)
5 creatures vanquished.

Grand Total: 53 creatures vanquished

Notes
Turn   | Place    | Note
-------+----------+-------------------------------------------
     0 | D:1      | dngmouse the Vampire Transmuter began the quest for the Orb.
     0 | D:1      | Reached XP level 1. HP: 14/14 MP: 3/3
   174 | D:1      | Reached XP level 2. HP: 20/20 MP: 3/5
   346 | D:1      | Reached skill level 4 in Unarmed Combat
   850 | D:2      | Reached XP level 3. HP: 23/25 MP: 3/6
  1073 | D:2      | Learned a level 2 spell: Sticks to Snakes
  1077 | D:2      | Learned a level 3 spell: Spider Form
  1438 | D:2      | Reached skill level 5 in Unarmed Combat
  1438 | D:2      | Reached XP level 4. HP: 22/31 MP: 5/7
  1670 | D:$      | Safely got out of the dungeon.

Skill      XL: |  1  2  3 |
---------------+----------+-----
Unarmed Combat | 4 5 |  5.0
Transmutations | 3 |  3.2
Fighting       | |  0.8
Dodging        | |  2.1
Spellcasting   | |  2.0

Action                   |  1- 3 |  4- 6 || total
-------------------------+-------+-------++-------
Melee: Unarmed           |   119 |    16 ||   135
       Kick              |    10 |     1 ||    11
       Headbutt          |     6 |       ||     6
       Bite              |     6 |       ||     6
       Punch             |       |     1 ||     1
 Cast: Beastly Appendage |    31 |     4 ||    35
  Use: Potion            |     3 |     1 ||     4
 Stab: Sleeping          |     2 |     1 ||     3
Armor: Robe              |    25 |     2 ||    27
Dodge: Dodged            |    75 |     5 ||    80
